Map: [ESL] Cosmic Sapphire

Players

TheNovack

  • Race: Protoss Protoss
  • Spawn Location: 5:00

Rhizer - Winner!

  • Race: Protoss Protoss
  • Spawn Location: 11:00

Event: DreamHack SC2 Masters 2022 Valencia

VOD

Have the link to the VOD?

Description

Time

  • Played on: July 1, 2022, 5:23 a.m.
  • Length: 5:29

All games in this series

Show
View Real Time Build Order
Export as new Build Order

TheNovack Protoss 

Build Orders:  

Get SALT Encoding   

  12  0:00  Probe  
  13  0:13  Probe  
  14  0:18  Pylon  
  14  0:25  Probe  
  15  0:37  Probe (Chrono Boost), Gateway  
  16  0:47  Assimilator  
  16  0:49  Probe (Chrono Boost)  
  17  0:55  Probe (Chrono Boost)  
  17  0:56  Assimilator  
  18  1:17  Gateway  
  18  1:21  Probe (Chrono Boost)  
  19  1:26  Cybernetics Core  
  20  1:33  Probe (Chrono Boost)  
  20  1:40  Pylon, Probe (Chrono Boost)  
  21  1:47  Probe  
  22  1:59  Probe  
  23  2:04  Stalker x2  
  27  2:20  Robotics Facility  
  27  2:34  Stalker  
  29  2:38  Warp Gate (Chrono Boost)  
  29  2:58  Shield Battery  
  29  3:07  Pylon, Warp Prism  
  29  3:11  Gateway  
  31  3:17  Gateway  
  31  3:41  Pylon  
  31  3:42  Pylon  
  31  3:45  Pylon  
  31  3:50  Shield Battery  
  31  4:12  Stalker  
  31  4:16  Stalker x2  
  31  4:39  Stalker  
  31  4:44  Stalker  
  35  5:05  Stalker  
Show
View Real Time Build Order
Export as new Build Order

Rhizer Protoss - Winner!

Build Orders: Oracle Opening 

Get SALT Encoding   

  12  0:00  Probe  
  13  0:12  Probe  
  14  0:17  Pylon  
  14  0:24  Probe (Chrono Boost)  
  15  0:36  Probe (Chrono Boost)  
  15  0:38  Gateway  
  16  0:45  Probe (Chrono Boost)  
  16  0:49  Assimilator  
  17  0:51  Probe  
  18  0:58  Assimilator  
  18  1:03  Probe (Chrono Boost)  
  19  1:12  Gateway  
  19  1:15  Probe (Chrono Boost)  
  20  1:22  Probe (Chrono Boost)  
  21  1:28  Cybernetics Core  
  21  1:30  Probe  
  22  1:37  Pylon  
  22  1:47  Probe  
  23  1:59  Probe  
  24  2:02  Warp Gate (Chrono Boost)  
  24  2:05  Stalker x2  
  29  2:18  Pylon  
  29  2:24  Stargate  
  29  2:29  Probe  
  29  2:40  Stalker  
  29  2:42  Stalker  
  33  2:49  Pylon  
  33  3:05  Probe  
  33  3:07  Oracle (Chrono Boost)  
  36  3:23  Shield Battery  
  36  3:34  Shield Battery  
  40  3:43  Void Ray (Chrono Boost)  
  40  3:44  Pylon  
  40  3:46  Zealot  
  40  3:48  Stalker  
  44  4:22  Shield Battery  
  44  4:23  Void Ray (Chrono Boost)  
  48  4:27  Pylon  
  48  4:41  Nexus  
  52  5:01  Probe  
  53  5:14  Robotics Facility  
  53  5:16  Probe  

Tags
 
Add a new tag
Caveats
  • Supply blocks, unpowered buildings, or Contaminate may cause inaccurate times.
  • Supply counts are checked every 10 seconds.